 Dungeon Crawl Stone Soup version 0.24.0-7-gb3623d2c88 (webtiles) character file.

Game seed: 14673728956530375997, levelgen mode: deterministic

2165 Lanoc the Cleaver (level 9, 0/71 HPs)
             Began as a Hill Orc Chaos Knight on Nov 2, 2019.
             Was a Plaything of Xom.
             Slain by a wraith (8 damage)
             ... on level 7 of the Dungeon.
             The game lasted 00:14:15 (6034 turns).

Lanoc the Cleaver (Hill Orc Chaos Knight)           Turns: 6034, Time: 00:14:15

Health: 0/71       AC: 11    Str: 18 (20) XL:     9   Next: 32%
Magic:  9/9        EV: 13    Int: 10 (12) God:    Xom [*.....]
Gold:   1118       SH:  0    Dex: 12 (13) Spells: 8/8 levels left

rFire    . . .     SeeInvis +   a - +2 hand axe (chaos)
rCold    + . .     Gourm    .   (no shield)
rNeg     + . .     Faith    .   b - +0 leather armour of Sezank {rN+ rCorr}
rPois    .         Spirit   .   A - +0 helmet "Geci" {rC+}
rElec    .         Reflect  .   e - +0 cloak
rCorr    +         Harm     .   o - +0 pair of gloves
MR       +....                  (no boots)
Stlth    +.........             (no amulet)
HPRegen  0.21/turn              i - ring of protection from magic
MPRegen  0.11/turn              p - ring of see invisible

@: mighty, slowed, very slow
A: talons 1, icy blue scales 1, slimy green scales 1, blink, frail 1, evolution
1
a: Blink, Renounce Religion


You were on level 7 of the Dungeon.
You worshipped Xom.
You were a special plaything of Xom.
You were hungry.

You visited 2 branches of the dungeon, and saw 8 of its levels.
You also visited: Ossuary.

You collected 1118 gold pieces.

Inventory:

Hand Weapons
 a - a +2 hand axe of chaos (weapon)
Armour
 b - the +0 leather armour of Sezank (worn) {rN+ rCorr}
   (You found it on level 4 of the Dungeon)

   It protects you from negative energy.
   It provides partial protection from all sources of acid and corrosion.
 e - a +0 cloak (worn)
 n - a +1 scale mail of fire resistance
 o - a +0 pair of gloves (worn)
 q - a +0 plate armour
 A - the +0 helmet "Geci" (worn) {rC+}
   (You found it on level 7 of the Dungeon)

   It protects you from cold.
Jewellery
 i - a ring of protection from magic (left hand)
 p - a ring of see invisible (right hand)
Wands
 x - a wand of flame (39)
Scrolls
 d - a scroll of blinking
 g - 4 scrolls of teleportation
 k - a scroll of enchant weapon
 l - 10 scrolls of identify
 m - 4 scrolls of remove curse
 r - a scroll of amnesia
 y - a scroll of fear
 B - a scroll of magic mapping {unknown}
Potions
 f - a potion of haste
 h - 2 potions of mutation
 s - a potion of curing
 t - a potion of degeneration
 u - a potion of might
 v - a potion of magic {unknown}
 w - a potion of brilliance {unknown}
 z - a potion of lignification {unknown}
Comestibles
 c - 4 rations
 j - 5 chunks of flesh


   Skills:
 + Level 7.3 Fighting
 * Level 10.6 Axes
 + Level 6.2 Armour
 + Level 4.4 Dodging


You had 8 spell levels left.
You didn't know any spells.
Your spell library was empty.

Dungeon Overview and Level Annotations

Branches:
Dungeon (7/15)             Temple (1/1) D:6         Ossuary (visited)

Altars:
Fedhas
Trog
Yredelemnul
The Shining One
Beogh

Shops:
D:6 %


Innate Abilities, Weirdness & Mutations

You have sharp toenails.
You are partially covered in icy blue scales. (AC +2)
You are partially covered in slimy green scales. (AC +2)
You can translocate small distances at will.
You are frail. (-10% HP)
You evolve.


Message History

The wraith is moderately damaged.
You barely miss the wraith. The wraith closely misses you.
You hit the wraith but do no damage. You claw the wraith.
The wraith is moderately damaged.
You closely miss the wraith. The wraith hits you.
* * * LOW HITPOINT WARNING * * *
The wraith hits you!
* * * LOW HITPOINT WARNING * * *
The wraith drains your vigour!
You feel yourself slow down.
It was a potion of degeneration.
There was something very wrong with that liquid.
You feel weakened.
You feel dopey.
You feel clumsy.
Xom roars with laughter!
The wraith hits you but does no damage. The wraith closely misses you.
The wraith misses you.
It was a potion of might.
You feel very mighty all of a sudden. The wraith barely misses you.
The wraith hits you!
You die...
Xom bursts into laughter!

################ ### ###
#..........(...# #.# #.#####
#.............W######.####......
#.###########..@WW.........#####
#.# #.######............ #.# #.#
#..####.##### #.# #.#
#..####.##### #.#
#.######..†......... ##.#
.................... ...#
#................... ##.#
#................... ##.#
##.......###.##.##


You could see 3 wraiths.

Vanquished Creatures
  A jumping spider (D:7)
  A hog (shapeshifter) (D:6)
  A centaur (D:5)
  2 elf zombies
  A bullfrog (D:6)
  An elf skeleton (D:5)
  A scorpion (D:7)
  A wight (D:6)
  2 crimson imps
  2 centaur zombies (Ossuary)
  2 hounds
  A bullfrog skeleton (D:6)
  4 human zombies
  2 orc priests
  A centaur skeleton (D:4)
  3 iguanas
  Natasha (thrice) (D:3)
  2 worker ants (D:6)
  A big kobold zombie (Ossuary)
  3 mummies (Ossuary)
  A hound zombie (Ossuary)
  A howler monkey zombie (D:6)
  5 gnolls
  3 adders
  2 shadow imps (D:5)
  An ooze (D:2)
  8 adder zombies
  A worm (D:3)
  A dart slug (D:3)
  6 leopard geckos
  19 orcs
  7 giant cockroaches
  2 goblins
  5 hobgoblins
  6 jackals
  8 kobolds
  A quokka (D:5)
  6 ball pythons
  A ball python skeleton (D:5)
  8 bats
  4 frilled lizards
  3 gnoll zombies (Ossuary)
  3 goblin zombies (Ossuary)
  A hobgoblin zombie (Ossuary)
  4 jackal zombies (Ossuary)
  4 kobold zombies (Ossuary)
  2 orc skeletons (D:5)
  4 orc zombies
  A quokka skeleton (D:3)
  2 quokka zombies (Ossuary)
  7 rats
  2 rat zombies (Ossuary)
164 creatures vanquished.

Vanquished Creatures (collateral kills)
  An ogre (D:6)
  3 wights (D:6)
  A gnoll (D:6)
  A leopard gecko (D:6)
  2 orcs (D:3)
8 creatures vanquished.

Vanquished Creatures (others)
  Pikel (D:5)
  The ghost of puimuR the Digger, a weakling VSEE (D:3)
  A bullfrog skeleton (D:5)
  A shadow imp (D:5)
  A worm (D:5)
  2 orcs (D:5)
7 creatures vanquished.

Grand Total: 179 creatures vanquished

Notes
Turn   | Place    | Note
-------+----------+-------------------------------------------
     0 | D:1      | Lanoc the Hill Orc Chaos Knight began the quest for the
                  | Orb.
     0 | D:1      | Reached XP level 1. HP: 19/19 MP: 1/1
   196 | D:1      | Reached skill level 1 in Dodging
   196 | D:1      | Reached XP level 2. HP: 21/27 MP: 2/2
   479 | D:1      | XOM: silly message
   511 | D:2      | Reached XP level 3. HP: 26/33 MP: 3/3
   533 | D:2      | Reached skill level 5 in Axes
   639 | D:2      | Reached XP level 4. HP: 40/40 MP: 4/4
   929 | D:3      | Noticed Natasha
   931 | D:3      | XOM: cast spell 'Summon Butterflies'
   956 | D:3      | Killed Natasha
   957 | D:3      | XOM: cloud trail
  1041 | D:3      | XOM: silly message
  1257 | D:3      | Reached XP level 5. HP: 47/47 MP: 5/5
  1443 | D:3      | Found a runed translucent gate.
  1443 | D:3      | Found a runed translucent gate.
  1447 | D:3      | Found a runed translucent gate.
  1447 | D:3      | Noticed puimuR's ghost (weakling VSEE)
  1453 | D:3      | Found a roughly hewn altar of Beogh.
  1462 | D:3      | Noticed Natasha
  1464 | D:3      | XOM: confusion
  1474 | D:3      | Killed Natasha
  1517 | D:3      | Reached skill level 6 in Axes
  1780 | D:3      | Noticed Natasha
  1788 | D:3      | Killed Natasha
  1789 | D:3      | Found a glowing golden altar of the Shining One.
  1789 | D:3      | Found a basalt altar of Yredelemnul.
  1801 | D:3      | Noticed an angel
  1974 | D:3      | XOM: mild Erth miscast
  2007 | D:3      | XOM: noise
  2021 | D:3      | XOM: swap monsters
  2105 | D:2      | XOM: give mutations
  2105 | D:2      | Gained mutation: You have a pair of small antennae on your
                  | head. [Xom's mischief]
  2105 | D:2      | Gained mutation: Armour fits poorly on your strangely
                  | shaped body. [Xom's mischief]
  2105 | D:2      | Gained mutation: You are agile. (Dex +2) [Xom's mischief]
  2217 | D:3      | Lost mutation: Armour fits poorly on your strangely shaped
                  | body. [potion of mutation]
  2217 | D:3      | Lost mutation: You are agile. (Dex +2) [potion of mutation]
  2217 | D:3      | Lost mutation: You have a pair of small antennae on your
                  | head. [potion of mutation]
  2217 | D:3      | Gained mutation: You are frail. (-10% HP) [potion of
                  | mutation]
  2217 | D:3      | Gained mutation: You evolve. [potion of mutation]
  2217 | D:3      | Gained mutation: You have sharp toenails. [potion of
                  | mutation]
  2217 | D:3      | Gained mutation: You are partially covered in icy blue
                  | scales. (AC +2) [potion of mutation]
  2229 | D:3      | XOM: enchant monster (good)
  2240 | D:3      | Reached XP level 6. HP: 31/47 MP: 6/6
  2264 | D:3      | Your ally puimuR died
  2731 | D:4      | Got a diamond-encrusted leather armour
  2742 | D:4      | Identified the cursed +0 leather armour of Sezank {rN+
                  | rCorr} (You found it on level 4 of the Dungeon)
  2786 | D:4      | Found a bloodstained altar of Trog.
  2825 | D:4      | XOM: 4-stop teleportation journey
  2826 | D:4      | XOM: harmless Tloc miscast
  2834 | D:4      | XOM: polymorph orc wizard -> adder
  3351 | D:4      | Lost mutation: You are frail. (-10% HP) [evolution]
  3769 | D:5      | Entered Level 5 of the Dungeon
  3827 | D:5      | Reached skill level 5 in Fighting
  3862 | D:5      | XOM: mild Tloc miscast
  3947 | D:5      | Reached skill level 7 in Axes
  3947 | D:5      | Reached XP level 7. HP: 28/61 MP: 7/7
  4037 | D:5      | Found a sand-covered staircase.
  4124 | Ossuary  | Entered an ossuary
  4235 | Ossuary  | XOM: silly message
  4311 | Ossuary  | XOM: confuse monster(s)
  4321 | Ossuary  | Reached skill level 8 in Axes
  4414 | Ossuary  | Reached XP level 8. HP: 61/70 MP: 8/8
  4446 | Ossuary  | XOM: cleaving
  4593 | D:5      | Noticed Pikel
  4594 | D:5      | XOM: potion effect (invisibility)
  4609 | D:5      | XOM: enchant monster (good)
  4614 | D:5      | Your ally died
  4614 | D:5      | Reached skill level 9 in Axes
  4614 | D:5      | Reached skill level 5 in Armour
  4955 | D:5      | XOM: silly message
  5041 | D:5      | XOM: give mutations
  5041 | D:5      | Gained mutation: You are partially covered in slimy green
                  | scales. (AC +2) [Xom's grace]
  5041 | D:5      | Gained mutation: You can translocate small distances at
                  | will. [Xom's grace]
  5343 | D:6      | Noticed Eustachio
  5349 | D:6      | XOM: god gift: 900 gold pieces
  5360 | D:6      | Noticed Eustachio
  5360 | D:6      | Eustachio changed into Eustachio the shapeshifter
  5360 | D:6      | XOM: polymorph Eustachio -> Eustachio the shapeshifter
  5360 | D:6      | Eustachio the shapeshifter changed into Eustachio the hog
  5361 | D:6      | XOM: enchant monster (good)
  5437 | D:6      | Found Ciarer's Food Shoppe.
  5439 | D:6      | XOM: divination: detect items
  5451 | D:6      | Reached skill level 10 in Axes
  5451 | D:6      | Reached XP level 9. HP: 78/78 MP: 9/9
  5462 | D:6      | Found a blossoming altar of Fedhas.
  5557 | D:6      | Found a staircase to the Ecumenical Temple.
  5563 | D:6      | XOM: give mutation
  5563 | D:6      | Gained mutation: You are frail. (-10% HP) [Xom's mischief]
  5573 | Temple   | Entered the Ecumenical Temple
  5864 | D:7      | Got a bloodstained helmet
  5870 | D:7      | Identified the +0 helmet "Geci" {rC+} (You found it on
                  | level 7 of the Dungeon)
  5872 | D:7      | XOM: noise
  5883 | D:7      | Noticed a jumping spider
  5883 | D:7      | a hippogriff changed into a jumping spider
  5909 | D:7      | Killed a jumping spider
  5998 | D:7      | XOM: noise
  6034 | D:7      | Slain by a wraith

Levels and vault maps discovered:
D:1:      ncdulo_wetmaze, layout_loops_ring
D:2:      layout_basic
D:3:      layout_basic, grunt_temple_overflow_holy_war,
          biasface_ghost_orc_armoury, uniq_natasha, uniq_crazy_yiuf_cottage
D:4:      layout_gridville, lightli_temple_of_fire
D:5:      layout_basic, first_ration, serial_co_window_serial,
          co_window_paths_a, co_window_of_opportunity_a, co_window_paths_a,
          co_window_paths_b, co_window_cross_1, co_window_unsneaky_path_b,
          co_window_broadway_a, co_window_of_opportunity_c, co_window_paths_d,
          glass_columns_b, glass_columns_a, glass_columns_b,
          nicolae_ossuary_entry_catacombs, uniq_pikel
D:6:      layout_gridville, lemuel_crystal_altar, minmay_temple_entry_wispy,
          serial_shops, shop, uniq_eustachio
D:7:      minmay_bubble_buster, layout_basic, minitemple, grunt_ogre_cave,
          minmay_guarded_unrand_finisher
Temple:   jpeg_temple_clearing

Skill      XL: |  1  2  3  4  5  6  7  8  9 |
---------------+----------------------------+-----
Dodging        | 1 2 3 4 |  4.4
Fighting       | 4 5 6 7 |  7.3
Axes           | 5 6 7 8 10 | 10.6
Armour         | 3 4 5 6 |  6.2

Action                   |  1- 3 |  4- 6 |  7- 9 || total
-------------------------+-------+-------+-------++-------
Melee: Hand axe          |    57 |   209 |   348 ||   614
       Kick              |       |    19 |    90 ||   109
  Use: Potion            |       |     5 |     3 ||     8
       Scroll            |       |     9 |       ||     9
 Stab: Paralysed         |     2 |     1 |     7 ||    10
       Petrified         |       |     1 |     5 ||     6
       Confused          |       |     1 |     1 ||     2
       Sleeping          |       |     1 |       ||     1
       Petrifying        |       |       |     1 ||     1
       Invisible         |       |       |     2 ||     2
  Eat: Chunk             |       |     9 |     4 ||    13
       Ration            |       |       |     1 ||     1
Armor: Leather armour    |    17 |    79 |    83 ||   179
       Scale mail        |       |     2 |       ||     2
Dodge: Dodged            |    31 |   133 |   187 ||   351
